 Dungeon Crawl Stone Soup version 0.19-a0-347-g6bb00b2 (webtiles) character file.

32 wvc the Sneak (level 3, -2/26 HPs)
             Began as a Demonspawn Wanderer on May 29, 2016.
             Was an Initiate of Ashenzari.
             Slain by an adder (4 damage)
             ... on level 2 of the Dungeon.
             The game lasted 00:02:09 (1428 turns).

wvc the Sneak (Demonspawn Wanderer)                 Turns: 1428, Time: 00:02:10

Health: -2/26      AC:  3    Str: 11    XL:     3   Next: 8%
Magic:  4/4        EV: 12    Int: 13    God:    Ashenzari [......]
Gold:   32         SH:  0    Dex: 14    Spells: 0 memorised, 4 levels left

rFire  . . .     SeeInvis +     b - +0 spear
rCold  . . .     Gourm    +     q - +0 leather armour
rNeg   . . .     Faith    .     (no shield)
rPois  .         Spirit   .     (no helmet)
rElec  .         Dismiss  .     (no cloak)
rCorr  .         Reflect  .     (no gloves)
SustAt .         Harm     .     (no boots)
MR     .....                    n - amulet of the gourmand
Stlth  ++........               (no ring)
                                p - ring of see invisible

@: lethally poisoned (-2 -> -10), not resistant to hostile enchantments,
unstealthy
A: powered by death 1
a: Curse Item, Renounce Religion


You were on level 2 of the Dungeon.
You worshipped Ashenzari.
Ashenzari was noncommittal.
You were not hungry.

You visited 1 branch of the dungeon, and saw 2 of its levels.

You collected 32 gold pieces.

Inventory:

Hand Weapons
 b - a +0 spear (weapon)
 e - a +0 dagger
Missiles
 g - 7 tomahawks (quivered)
Armour
 q - a +0 leather armour (worn)
Jewellery
 n - an amulet of the gourmand (around neck)
 p - a ring of see invisible (left hand)
Potions
 c - 2 potions of lignification
 j - a potion of flight
Books
 a - a book of Minor Magic

   Spells                             Type                      Level
   a - Magic Dart                     Conjuration                  1
   b - Blink                          Translocation                2
   c - Call Imp                       Summoning                    2
   d - Repel Missiles                 Charms/Air                   2
   e - Slow                           Hexes                        2
   f - Conjure Flame                  Conjuration/Fire             3
   g - Mephitic Cloud                 Conjuration/Poison/Air       3
Comestibles
 f - 3 bread rations
 h - a royal jelly
 l - a meat ration


   Skills:
 + Level 1.5 Fighting
 + Level 1.8 Polearms
 - Level 1.0 Throwing
 - Level 2.0 Dodging
 - Level 2.6 Stealth
 - Level 1.0 Spellcasting
   Level 2.0 Summonings


You had 4 spell levels left.
You didn't know any spells.

Dungeon Overview and Level Annotations

Branches:
Dungeon (2/15)

Altars:
Ashenzari
Dithmenos
Elyvilon
Okawaru
Trog


Innate Abilities, Weirdness & Mutations

You regenerate a little health from kills.


Message History

You hit the adder.
The adder is almost dead.
The adder bites you.
* * * LOW HITPOINT WARNING * * *
You are more poisoned.
The adder poisons you! The giant newt closely misses you.
* * * LOW HITPOINT WARNING * * *
You feel sick.
* * * LOW HITPOINT WARNING * * *
You feel sick. The adder bites you but does no damage.
* * * LOW HITPOINT WARNING * * *
You feel sick.
You are too injured to fight recklessly!
You are too injured to fight recklessly!
You are too injured to fight recklessly!
You barely miss the adder.
The adder is almost dead.
* * * LOW HITPOINT WARNING * * *
You feel sick. The adder barely misses you. The adder bites you.
You die...

###### .....# ####
###### ####.# ..#
#.. . ## #.# #.#
#.#.# .# #.#
####.####.#.# .# #.#
#....@Sl....###.# .#
#.# #
#.##.##.#.......#
.###<#
#.##.##.##.#.....#.#
.....#
#.......##.##....#
###### ####.#####.#
#.#.# #.#####... ..
.> #......... +## ##
#.#######. #.#


You could see an adder and a giant newt.

Vanquished Creatures
  3 dart slugs (D:1)
  A giant gecko (D:1)
  A giant cockroach (D:1)
  A goblin (D:1)
  7 hobgoblins
  2 ball pythons (D:1)
  2 bats (D:1)
  A giant newt (D:2)
  3 kobolds (D:1)
  4 rats (D:1)
25 creatures vanquished.

Notes
Turn   | Place    | Note
--------------------------------------------------------------
     0 | D:1      | wvc the Demonspawn Wanderer began the quest for the Orb.
     0 | D:1      | wvc set off with: a book of Minor Magic, a +0 spear, a potion of lignification, a +0 robe, a +0 dagger, a bread ration
     0 | D:1      | Reached XP level 1. HP: 15/15 MP: 2/2
    47 | D:1      | Found an iron altar of Okawaru.
    47 | D:1      | Found a white marble altar of Elyvilon.
    47 | D:1      | Noticed a big kobold
    47 | D:1      | Noticed a big kobold
    47 | D:1      | Noticed a big kobold
    47 | D:1      | Noticed a big kobold
   433 | D:1      | Gained mutation: You regenerate a little health from kills. [demonic ancestry]
   433 | D:1      | Reached XP level 2. HP: 20/21 MP: 3/3
   976 | D:1      | Reached XP level 3. HP: 25/26 MP: 4/4
  1312 | D:2      | Found a shattered altar of Ashenzari.
  1312 | D:2      | Found a bloodstained altar of Trog.
  1313 | D:2      | Found a shadowy altar of Dithmenos.
  1318 | D:2      | Became a worshipper of Ashenzari the Shackled
  1428 | D:2      | Slain by an adder

Vault maps used:
D:1:      erik_arrival_cave_to_civilisation, minivault_25
D:2:      gammafunk_temple_overflow_forgotten, first_bread

Skill      XL: |  1  2  3 |
---------------+----------+-----
Dodging        | 2 |  2.0
Fighting       | |  1.5
Polearms       | |  1.8
Throwing       | |  1.0
Stealth        | |  2.6
Spellcasting   | |  1.0
Summonings     | |  2.0

Action                   || total
-------------------------++-------
Melee: Spear             ||   106
  Use: Scroll            ||     4
 Stab: Sleeping          ||     5
  Eat: Chunk             ||     5
Armor: Robe              ||     6
       Leather armour    ||    11
Dodge: Dodged            ||    48
